AoeStats
← hldngkc

Black Forest

507263995Analyzed
3v3 RM · 15d ago on Sep 17, 2026· 42m 46s· 6 players
Game mode
Random Map
Map size
Normal (6 player)
Population
200
Speed
Normal
Resources
Standard
Victory
Conquest
Starting age
Dark Age
Ending age
Imperial Age
RankedLock teamsTeams togetherTeam positionsShared explorationLock speedFull tech treeHidden civsTurbo modeCheats
Victory
Defeat
🇹🇷 Britons · Türkiye
963
+15
🇹🇷 Cumans · Türkiye
914
+17
🇹🇷 Cumans · Türkiye
860
+19
🇨🇴 Vietnamese · Colombia
949
-18
🇹🇼 Britons · Taiwan
941
-17
🇳🇱 Khmer · Netherlands
913
-16
hldngkc
4:01 Loom
13:59 Feudal Age
20:02 Castle Age
18:00 Double-Bit Axe
17:59 Horse Collar
18:13 Gold Mining
18:35 Stone Mining
19:15 Town Watch
26:00 Gold Shaft Mining
26:57 Heavy Plow
27:15 Bow Saw
30:14 Light Cavalry
31:55 Town Patrol
33:02 Scale Barding Armor
32:50 Fletching
33:03 Padded Archer Armor
33:49 Caravan
35:05 Yeomen
35:25 Bodkin Arrow
35:46 Leather Archer Armor
35:38 Squires
35:10 Pikeman
37:16 Wheelbarrow
37:17 Arson
39:03 Hand Cart
39:31 Scale Mail Armor
42:57 Imperial Age
jamiroquai
0:32 Loom
4:37 Loom
14:28 Feudal Age
16:06 Fletching
16:29 Forging
16:43 Man-at-Arms
23:16 Horse Collar
28:29 Castle Age
28:33 Wheelbarrow
27:43 Town Watch
30:03 Hand Cart
29:49 Town Patrol
31:59 Heavy Plow
33:56 Double-Bit Axe
33:37 Capped Ram
34:10 Light Cavalry
35:36 Bloodlines
36:32 Stone Mining
36:34 Gold Mining
36:10 Pikeman
38:31 Bow Saw
41:48 Imperial Age
39:27 Steppe Husbandry
42:57 Conscription
42:05 Elite Steppe Lancer
42:08 Light Cavalry
maxpayne
0:57 Loom
13:37 Feudal Age
26:47 Castle Age
25:45 Bloodlines
25:47 Scale Barding Armor
27:55 Stone Mining
28:26 Light Cavalry
34:05 Gold Mining
Tutmosis
1:31 Loom
12:05 Feudal Age
17:34 Castle Age
17:26 Wheelbarrow
28:07 Stone Mining
28:07 Gold Mining
32:03 Hand Cart
35:27 Imperial Age
34:06 Town Watch
34:49 Scale Mail Armor
36:31 Double-Bit Axe
36:40 Horse Collar
37:07 Elite Fire Lancer
43:29 Forging
43:35 Chain Mail Armor
MR.MAP
0:30 Loom
14:39 Feudal Age
20:08 Castle Age
17:58 Double-Bit Axe
martijn
12:45 Feudal Age
15:56 Castle Age
14:22 Horse Collar
15:19 Double-Bit Axe
18:06 Bow Saw
21:52 Loom
21:54 Town Watch
23:22 Gold Mining
24:46 Wheelbarrow
25:59 Heavy Plow
26:48 Town Patrol
29:36 Bloodlines
33:15 Hand Cart
38:01 Pikeman
Connection lost

Rejoining the realm…

Still unreachable

The connection could not be restored.

Session expired

The server has moved on; the page needs a fresh start.